 Dungeon Crawl Stone Soup version 0.31-a0-851-g7ff8af7976 (webtiles) character file.

Game seed: 15789550377623014922

81 Shayle the Conjurer (level 4, -1/34 HPs)
             Began as a Demonspawn Reaver on Oct 5, 2023.
             Slain by an orc
             ... wielding a +0 dagger
              (2 damage)
             ... on level 4 of the Dungeon.
             The game lasted 00:03:41 (1742 turns).

Shayle the Conjurer (Demonspawn Reaver)             Turns: 1742, Time: 00:03:42

Health: -1/34      AC:  3    Str: 12    XL:     4   Next: 20%
Magic:  8/8        EV: 11    Int: 17    God:
Gold:   96         SH:  0    Dex: 11    Spells: 7/8 levels left

rFire   . . .        a - +0 spear
rCold   . . .        (no shield)
rNeg    . . .        b - +0 leather armour
rPois   .            (no helmet)
rElec   .            (no cloak)
rCorr   .            (no gloves)
SInv    .            (no boots)
Will    .....        (no amulet)
Stlth   +            (no ring)
HPRegen 0.25/turn    (no ring)
MPRegen 0.11/turn

%: no passive effects
@: no status effects
A: hooves 2
a: no special abilities


You were on level 4 of the Dungeon.
You visited 1 branch of the dungeon, and saw 4 of its levels.

You collected 96 gold pieces.

Inventory:

Hand Weapons
 a - a +0 spear (weapon)
Missiles
 h - 3 curare-tipped darts
Armour
 b - a +0 leather armour (worn)
Scrolls
 c - a scroll of blinking {unknown}
 d - a scroll of vulnerability {unknown}
 f - 2 scrolls of teleportation {unknown}
Potions
 e - a potion of resistance
 i - a potion of brilliance


   Skills:
 + Level 2.7 Fighting
 - Level 2.6 Polearms
 + Level 1.4 Armour
 - Level 1.7 Dodging
 + Level 2.7 Spellcasting
 - Level 3.0 Conjurations
 + Level 1.9 Necromancy


You had 7 spell levels left.
You knew the following spells:

 Your Spells              Type           Power      Damage    Failure   Level
a - Kiss of Death         Conj/Necr      40%        2d8       9%          1

Your spell library contained the following spells:

 Spells                   Type           Power      Damage    Failure   Level
 Momentum Strike          Conj/Tloc      14%        3d8       19%         2
 Sandblast                Erth           4%         2d4       22%         1
 Passwall                 Tmut/Erth      1%         N/A       34%         2
 Hailstorm                Conj/Ice       7%         3d4       36%         3
 Stone Arrow              Conj/Erth      14%        3d7       36%         3
 Brom's Barrelling Bould  Conj/Erth      7%         2d3       77%         4


Dungeon Overview and Level Annotations

Branches:
Dungeon (4/15)
 Temple: D:4-7

Altars:


Innate Abilities, Weirdness & Mutations

You have hoof-like feet.


Message History

The orc priest mumbles some strange prayers to Beogh against you.
You barely resist.
You hit the orc priest but do no damage.
The orc priest is moderately wounded.
The orc hits you but does no damage.
A giant cockroach comes into view.
The orc priest mumbles some strange prayers to Beogh against you.
Pain shoots through your body!
You hit the orc priest.
You kick the orc priest, but do no damage.
The orc priest is heavily wounded.
The orc closely misses you.
The orc priest calls down the wrath of Beogh upon you.
Beogh smites you!
* * * LOW HITPOINT WARNING * * *
You feel better. The orc misses you. The orc priest barely misses you.
You aren't carrying any items that you can evoke.
You aren't carrying any items that you can evoke.
Unknown command.
Okay, then.
You closely miss the orc priest.
You kick the orc priest, but do no damage.
The orc priest is heavily wounded.
The orc hits you with a +0 dagger.
You barely miss the orc priest.
The orc priest is heavily wounded.
The orc closely misses you.
The orc priest hits you with a +3 heavy hand axe.
* * * LOW HITPOINT WARNING * * *
Unknown command.
You barely miss the orc priest.
The orc priest is heavily wounded.
The orc barely misses you.
The orc priest hits you with a +3 heavy hand axe!
* * * LOW HITPOINT WARNING * * *
Unknown command.
You barely miss the orc priest.
The orc priest is heavily wounded.
The orc hits you with a +0 dagger.
You die...

...............
.........#
.........#
.....#...# .
.....##.## ..
#$...#..####...
##......#......
#.....o.....##
.......@B....#
..?...o.....##
.#..........#
#.....>.......
####...##.....
....# ..##.
..##.# ..> ...
### .##


You could see an orc priest, an orc and a giant cockroach.

Vanquished Creatures
  2 adders (D:2)
  A worm (D:2)
  A dart slug (D:1)
  4 ball pythons (D:1)
  An endoplasm (D:2)
  3 giant cockroaches
  4 goblins (D:1)
  5 hobgoblins
  7 jackals
  7 kobolds
  A quokka (D:1)
  10 bats
  4 frilled lizards
  4 rats
54 creatures vanquished.

Notes
Turn   | Place    | Note
-------+----------+-------------------------------------------
     0 | D:1      | Shayle the Demonspawn Reaver began the quest for the Orb.
     0 | D:1      | Reached XP level 1. HP: 16/16 MP: 3/3
   139 | D:1      | Gained mutation: You have large cloven feet. [demonic
                  | ancestry]
   139 | D:1      | Reached XP level 2. HP: 22/22 MP: 5/5
   213 | D:1      | Reached skill level 1 in Necromancy
   427 | D:1      | Reached skill level 1 in Armour
   473 | D:1      | Reached XP level 3. HP: 25/28 MP: 6/6
  1312 | D:2      | Gained mutation: You have hoof-like feet. [demonic
                  | ancestry]
  1312 | D:2      | Reached XP level 4. HP: 33/34 MP: 6/8
  1713 | D:2      | You fall into a shaft and drop 2 floors!
  1741 | D:4      | HP: 1/34 [orc priest/+3 heavy hand axe (7)]
  1742 | D:4      | Slain by an orc

Illustrated notes

Levels and vault maps discovered:
D:1:      scummos_arrival_gate, layout_loops_corners
D:2:      layout_loops_ring
D:3:      layout_basic, portal_sewer_entry_e, grunt_ministairs_15
D:4:      layout_cave_pools

Skill      XL: |  1  2 |
---------------+-------+-----
Necromancy     | 1 |  1.9
Armour         | 1 |  1.4
Fighting       | |  2.7
Polearms       | |  2.6
Dodging        | |  1.7
Spellcasting   | |  2.7
Conjurations   | |  3.0

Action                     |  1- 3 |  4- 6 || total
---------------------------+-------+-------++-------
  Melee: Spear             |   142 |    38 ||   180
         Kick              |    22 |    12 ||    34
         Punch             |     2 |       ||     2
    Use: Scroll            |       |     3 ||     3
         Potion            |       |     1 ||     1
   Stab: Sleeping          |     1 |       ||     1
 Armour: Leather armour    |    83 |    17 ||   100
  Dodge: Dodged            |    77 |    14 ||    91

Table legend: (Time is in decaauts)
 A = Elapsed time spent in this place.
 B = Non-inter-level travel time spent in this place.
 C = Inter-level travel time spent in this place.
 D = Time resting spent in this place.
 E = Time spent auto-exploring this place.
 F = Levels seen in this place.
 G = Mean time per level.
                   A        B        C        D        E       F      G
               +--------+--------+--------+--------+--------+-----+--------+
         Total |   1735 |   1725 |     10 |      0 |   1293 |   4 |  433.8 |
       Dungeon |   1735 |   1725 |     10 |      0 |   1293 |   4 |  433.8 |
               +--------+--------+--------+--------+--------+-----+--------+

Top non-repeatable levels by time:
     D:1: 1140 daAuts
     D:2: 566 daAuts
     D:4: 17 daAuts
     D:3: 11 daAuts
